 Dungeon Crawl Stone Soup version 0.27-a0-1456-gf5a116941d (webtiles) character file.

Game seed: 11903015874801353139

26023 spiderkeys the Covert (level 13, 0/91 HPs)
             Began as an Octopode Abyssal Knight on July 6, 2021.
             Was a High Priest of Lugonu.
             Slain by a polar bear simulacrum (20 damage)
             ... in an ice cave.
             The game lasted 00:31:25 (17061 turns).

spiderkeys the Covert (Octopode Abyssal Knight)    Turns: 17061, Time: 00:31:26

Health: 0/91       AC:  5    Str: 11    XL:     13   Next: 23%
Magic:  27/27      EV: 23    Int: 14    God:    Lugonu [*****.]
Gold:   1053       SH:  0    Dex: 17    Spells: 12/12 levels left

rFire    + + +     SeeInvis +   a - +2 dagger (venom)
rCold    . . .     Faith    .   (no shield)
rNeg     . . .     Spirit   .   (helmet restricted)
rPois    +         Reflect  .   (no amulet)
rElec    .         Harm     .   E - +4 ring of evasion
rCorr    .         Rampage  .   W - ring of magical power
Will     .....                  (no ring)
Stlth    ++++++....             Y - +4 ring of slaying
HPRegen  0.25/turn              f - ring of protection from fire
MPRegen  0.20/turn              O - +4 ring of protection
                                v - ring of see invisible
                                (no ring)

@: no status effects
A: almost no armour, amphibious, 8 rings, camouflage 1, gelatinous body 1,
(nimble swimmer 1), tentacles, fire resistance 2, poison resistance
a: Renounce Religion, Depart the Abyss, Bend Space, Banish, Corrupt, Enter the
Abyss


You were in an ice cave.
You worshipped Lugonu.
Lugonu was extremely pleased with you.
You visited 2 branches of the dungeon, and saw 15 of its levels.
You visited the Abyss 1 time.
You also visited: Ice Cave.

You collected 1120 gold pieces.
You spent 67 gold pieces at shops.


Innate Abilities, Weirdness & Mutations

You cannot wear most types of armour.
You are amphibious.
You can wear up to eight rings at the same time.
Your skin changes colour to match your surroundings (Stealth+).
Your rubbery body absorbs attacks. (AC +1, EV +1)
((You are camouflaged near water. (Stealth+)))
You have tentacles for arms and can constrict up to eight enemies at once.
Your flesh is very heat resistant. (rF++)
Your system is resistant to poisons. (rPois)


   Skills:
 + Level 9.7 Fighting
 + Level 9.5 Short Blades
 + Level 7.9 Crossbows
 + Level 9.8 Dodging
 - Level 10.0 Stealth
 - Level 8.9 Shields
 + Level 7.1 Invocations


You had 12 spell levels left.
You didn't know any spells.
Your spell library contained the following spells:

 Spells                   Type           Power      Damage    Failure   Level
 Beastly Appendage        Tmut           0%         N/A       28%         1
 Magic Dart               Conj           0%         1d3       28%         1
 Pain                     Necr           0%         1d4       28%         1
 Shock                    Conj/Air       0%         1d3       28%         1
 Blink                    Tloc           N/A        N/A       41%         2
 Call Imp                 Summ           0%         N/A       41%         2
 Searing Ray              Conj           0%         3d3       41%         2
 Wereblood                Tmut           0%         N/A       41%         2
 Dazzling Flash           Conj/Hex       0%         N/A       65%         3
 Inner Flame              Hex/Fire       0%         N/A       65%         3
 Lesser Beckoning         Tloc           0%         N/A       65%         3
 Mephitic Cloud           Conj/Pois/Air  0%         N/A       65%         3
 Spider Form              Tmut/Pois      0%         N/A       65%         3
 Stone Arrow              Conj/Erth      0%         3d7       65%         3
 Swiftness                Air            0%         N/A       65%         3
 Airstrike                Air            0%         N/A       96%         4
 Cause Fear               Hex            0%         N/A       96%         4
 Fulminant Prism          Conj/Hex       0%         3d6       96%         4
 Petrify                  Tmut/Erth      0%         N/A       96%         4
 Agony                    Necr           0%         N/A       100%        5
 Bolt of Magma            Conj/Fire/Erth 0%         4d4       100%        5
 Excruciating Wounds      Necr           0%         N/A       100%        5
 Freezing Cloud           Conj/Ice/Air   0%         6-21      100%        5
 Manifold Assault         Tloc           0%         N/A       100%        5
 Metabolic Englaciation   Hex/Ice        0%         N/A       100%        5
 Silence                  Hex/Air        0%         N/A       100%        5
 Conjure Ball Lightning   Conj/Air       0%         3x3d6     100%        6
 Statue Form              Tmut/Erth      0%         N/A       100%        6
 Discord                  Hex            0%         N/A       100%        8
 Lehudib's Crystal Spear  Conj/Erth      0%         10d2      100%        8
 Animate Armour           Summ/Erth      Unusable   N/A       N/A         4

Inventory:

Hand Weapons
 a - a +2 dagger of venom (weapon)
   (You found it on level 1 of the Dungeon)
 b - the +6 arbalest of Popular Demand {freeze, +Blink SInv}
   (You found it on level 4 of the Abyss)

   It causes projectiles fired from it to freeze those they strike, causing
   extra injury to most foes and up to half again as much damage against
   particularly susceptible opponents.
   They can also slow down cold-blooded creatures.
   SInv:      It lets you see invisible.
   +Blink:    It lets you blink.
 u - a +4 rapier of holy wrath
   (You took it off Eustachio on level 5 of the Dungeon)
Missiles
 c - 38 poisoned darts
 e - 13 javelins
 h - 86 bolts
 j - 16 silver boomerangs
 n - 469 stones
 s - 258 arrows
 x - 50 sling bullets
 D - a silver javelin
 H - 9 boomerangs
 L - 5 boomerangs of dispersal {=f!f}
Armour
 l - a +1 kite shield
   (You found it on level 1 of the Dungeon)
 p - a +6 tower shield
   (You found it on level 2 of the Dungeon)
Jewellery
 f - a ring of protection from fire (on tentacle)
   (You found it on level 5 of the Dungeon)
 v - a ring of see invisible (on tentacle)
   (You took it off a gnoll on level 9 of the Dungeon)
 E - a +4 ring of evasion (left tentacle)
   (You found it on level 1 of the Dungeon)
 O - a +4 ring of protection (on tentacle)
   (You found it on level 8 of the Dungeon)
 W - a ring of magical power (right tentacle)
   (You found it on level 2 of the Dungeon)
 Y - a +4 ring of slaying (on tentacle)
   (You found it on level 4 of the Dungeon)
Wands
 C - a wand of digging (5)
   (You took it off Eustachio on level 5 of the Dungeon)
 K - a wand of flame (40)
   (You found it on level 8 of the Dungeon)
 T - a wand of charming (13)
   (You found it on level 12 of the Dungeon)
Scrolls
 q - 4 scrolls of magic mapping {!r}
 w - 4 scrolls of amnesia
 B - 3 scrolls of fog
 F - a scroll of identify {@r1}
 I - 3 scrolls of immolation {!r!r}
 P - a scroll of enchant armour
 S - 3 scrolls of fear
Potions
 d - a potion of berserk rage {!q}
 k - 3 potions of lignification {!q}
 m - a potion of magic {unknown}
 o - 2 potions of invisibility
 r - a potion of cancellation {unknown}
 t - a potion of haste {@q3}
 y - 5 potions of flight
 z - a potion of attraction {!q}
 A - 2 potions of mutation {!q}
 J - a potion of brilliance
 M - 4 potions of curing {@q1}
 R - 3 potions of might {unknown}

Dungeon Overview and Level Annotations

Branches:
Dungeon (14/15)            Temple (0/1) D:4            Lair (1/6) D:10
    Orc (0/2) D:11          IceCv (1/1)
 Vaults: D:13-14

Altars:
Cheibriados
Nemelex Xobeh
Yredelemnul

Shops:
D:4 (   D:5 (   D:9 :

Portals:
Trove: D:11 (give 11 potions of heal wounds)

#####
##.@.##
##..ZZ.##
#.......#
#...Z...#
##.....##
##...##
##...#
#...##
#...##


You could see an elephant simulacrum, a polar bear simulacrum and a spriggan
simulacrum.


Message History

You take 21 damage, and now have 61/91 hp.
MASSIVE DAMAGE!! (PAUSE)
You hit the polar bear simulacrum but do no damage.
You squeeze the polar bear simulacrum. You hit the polar bear simulacrum.
The polar bear simulacrum bites you. The polar bear simulacrum freezes you!
* * * LOW HITPOINT WARNING * * *
The polar bear simulacrum misses you. x2 😨 HP[-23]
You take 23 damage, and now have 38/91 hp.
MASSIVE DAMAGE!! (PAUSE)
The elephant simulacrum tramples you.
* * * LOW HITPOINT WARNING * * *
The elephant simulacrum freezes you!!
* * * LOW HITPOINT WARNING * * *
The elephant simulacrum trunk-slaps you but does no damage. 😱 HP[-30]
You take 30 damage, and now have 8/91 hp.
MASSIVE DAMAGE!! (PAUSE) 😱 HP[+1] 😱 HP[+1]
There is an ice choked empty arch of ancient stone here.
As you read the scroll of summoning, it crumbles to dust.
Wisps of shadow whirl around you...
The elephant simulacrum tramples your two-headed ogre simulacrum!
The elephant simulacrum freezes your two-headed ogre simulacrum.
Your two-headed ogre simulacrum completely resists.
The elephant simulacrum trunk-slaps your two-headed ogre simulacrum.
The elephant simulacrum freezes your two-headed ogre simulacrum.
Your two-headed ogre simulacrum completely resists.
The elephant simulacrum misses your ufetubus.
The elephant simulacrum trunk-slaps your ufetubus.
The elephant simulacrum freezes your ufetubus!
Your ufetubus resists.
Your ufetubus dies! 😱 HP[+1]
You feel much better.
The spriggan simulacrum barely misses your ufetubus. 😨 HP[+21]
You regained 21 hp, and now have 32/91 hp.
Your ufetubus hits the elephant simulacrum but does no damage.
Your ufetubus hits the elephant simulacrum.
The elephant simulacrum barely misses your ufetubus.
The elephant simulacrum trunk-slaps your ufetubus.
The elephant simulacrum freezes your ufetubus!
Your ufetubus resists.
Your ufetubus dies!
The polar bear simulacrum bites your two-headed ogre simulacrum.
The polar bear simulacrum freezes your two-headed ogre simulacrum.
Your two-headed ogre simulacrum completely resists.
The polar bear simulacrum claws your two-headed ogre simulacrum.
The polar bear simulacrum freezes your two-headed ogre simulacrum.
Your two-headed ogre simulacrum completely resists.
The polar bear simulacrum claws your two-headed ogre simulacrum but does no damage.
The spriggan simulacrum hits your two-headed ogre simulacrum.
The spriggan simulacrum freezes your two-headed ogre simulacrum.
Your two-headed ogre simulacrum completely resists.
Okay, then.
Aiming: Throw Flame
Press: ? - help, Shift-Dir - straight line, f/p - two-headed ogre simulacrum
Aim: a two-headed ogre simulacrum (almost destroyed, 100% to hit)
The puff of flame hits the two-headed ogre simulacrum!
The two-headed ogre simulacrum melts!
The two-headed ogre simulacrum vapourises!
Lugonu accepts your kill.
You hear a sizzling sound!
The elephant simulacrum tramples your two-headed ogre simulacrum!
The elephant simulacrum freezes your two-headed ogre simulacrum.
Your two-headed ogre simulacrum completely resists.
The elephant simulacrum trunk-slaps your two-headed ogre simulacrum but does no damage.
Your two-headed ogre simulacrum hits the elephant simulacrum.
Your two-headed ogre simulacrum freezes the elephant simulacrum.
The elephant simulacrum completely resists.
Your two-headed ogre simulacrum hits the elephant simulacrum.
Your two-headed ogre simulacrum freezes the elephant simulacrum.
The elephant simulacrum completely resists.
Okay, then.
Aiming: Throw Flame
Press: ? - help, Shift-Dir - straight line, f - polar bear simulacrum
Aim: a polar bear simulacrum (heavily damaged, 97% to hit)
Really fire in your two-headed ogre simulacrum's direction?
Okay, then.
Aiming: Throw Flame
Press: ? - help, Shift-Dir - straight line, f - spriggan simulacrum, p - polar bear simulacrum
Aim: a spriggan simulacrum (56% to hit)
The puff of flame hits the spriggan simulacrum!
The spriggan simulacrum melts!
The elephant simulacrum tramples your two-headed ogre simulacrum.
The elephant simulacrum freezes your two-headed ogre simulacrum.
Your two-headed ogre simulacrum completely resists.
The elephant simulacrum trunk-slaps your two-headed ogre simulacrum. 😨 HP[+1]
Okay, then.
You hit the polar bear simulacrum. You hit the polar bear simulacrum.
You hit the polar bear simulacrum but do no damage.
The polar bear simulacrum bites you!
* * * LOW HITPOINT WARNING * * *
The polar bear simulacrum freezes you!!
You die...

Skill      XL: |  1  2  3  4  5  6  7  8  9 10 11 12 13 |
---------------+----------------------------------------+-----
Crossbows      | 1 2 3 4 5 7 |  7.9
Stealth        | 1 2 3 4 6 8 10 | 10.0
Dodging        | 3 4 5 6 8 9 |  9.8
Short Blades   | 3 4 5 6 7 8 9 |  9.5
Fighting       | 4 5 7 8 9 |  9.7
Invocations    | 4 6 7 |  7.1
Shields        | 8 |  8.9

Action                   |  1- 3 |  4- 6 |  7- 9 | 10-12 | 13-15 || total
-------------------------+-------+-------+-------+-------+-------++-------
Melee: Short sword       |     7 |       |       |       |       ||     7
       Dagger            |    31 |    96 |   115 |   110 |    25 ||   377
       Constrict         |    11 |    21 |    24 |    32 |    12 ||   100
       Tentacles         |     5 |    22 |    30 |    62 |    13 ||   132
       Rapier            |       |       |     8 |   160 |    39 ||   207
 Fire: Arbalest          |       |     8 |    59 |   128 |    17 ||   212
Throw: Javelin           |       |       |       |     6 |       ||     6
Invok: Depart the Abyss  |     1 |       |       |       |       ||     1
       Bend Space        |       |       |     3 |    10 |     1 ||    14
Evoke: Wand              |       |       |       |       |     2 ||     2
  Use: Scroll            |     3 |       |    13 |     9 |     3 ||    28
       Potion            |       |       |     1 |     7 |     2 ||    10
 Stab: Sleeping          |     4 |     8 |     7 |     7 |     3 ||    29
       Distracted        |       |       |     3 |       |       ||     3
Armor: Skin              |     4 |     2 |     1 |    19 |     4 ||    30
Dodge: Dodged            |    34 |    67 |   113 |   265 |    43 ||   522
Block: Tower shield      |       |       |       |   121 |    56 ||   177

Levels and vault maps discovered:
D:1:      nzn_arrival_water_spiral, layout_basic
D:2:      layout_basic, shapermc_ecumenical_altar_starsandcircs, basic_altar,
          uniq_jessica
D:3:      layout_basic, uniq_sigmund
D:4:      layout_cave_pools, minmay_temple_entry_sparse_star, serial_shops, shop
D:5:      layout_loops_cross, nicolae_shop_firing_range, uniq_eustachio
D:6:      layout_loops_corners, nemelex_spade_bored_becter, uniq_pikel
D:7:      lemuel_slime, layout_cave_pods, serial_column_ruins,
          column_ruins_open_tiny, column_ruins_open_tiny,
          column_ruins_open_medium, column_ruins_open_small_water
D:8:      layout_cave_pools
D:9:      layout_basic, serial_shops, nicolae_shop_crystal, uniq_grum
D:10:     layout_big_octagon, lair_entry_dummy, minmay_unpleasant_kobolds,
          uniq_snorg, uniq_erolcha
D:11:     layout_basic, zombieorc2_lemuel, nicolae_trove_entry_free_sample,
          yredelemnul_forgotten_temple_becter
D:12:     layout_stronghold, hex_tiny
D:13:     layout_small_grid, minmay_misc_feat_cross,
          hangedman_abyss_or_decor_stagger
D:14:     layout_cave_pools, erik_vaults_1, minmay_staircase_bubble
Lair:1:   layout_loops_ring, portal_ice_cave_entry_imps, gammafunk_ghost_hive,
          worms_lemuel
IceCv:    ice_cave_small_necro

Notes
Turn   | Place    | Note
-------+----------+-------------------------------------------
     0 | Abyss:1  | spiderkeys the Octopode Abyssal Knight began the quest for
                  | the Orb.
     0 | Abyss:1  | Reached XP level 1. HP: 16/16 MP: 2/2
     0 | Abyss:1  | magus.rc [v1.9.10]
   111 | Abyss:1  | Found a corrupted altar of Lugonu.
   230 | Abyss:1  | Noticed a starcursed mass
   231 | Abyss:1  | Noticed a small abomination
   239 | Abyss:1  | Noticed a brown very ugly thing
   273 | Abyss:2  | Found a corrupted altar of Lugonu.
   315 | Abyss:2  | Noticed an ancient zyme
   341 | Abyss:3  | Noticed a raiju
   341 | Abyss:3  | Noticed a raiju
   377 | Abyss:4  | Noticed a wretched star
   396 | Abyss:4  | Identified the +6 arbalest of Popular Demand {freeze,
                  | +Blink SInv}
   400 | Abyss:4  | Noticed a starcursed mass
   401 | D:1      | You pass through the gate.
   401 | D:1      | Escaped the Abyss
   677 | D:1      | Reached * piety under Lugonu
   745 | D:1      | Reached XP level 2. HP: 21/21 MP: 3/3
  1413 | D:2      | Found a faded altar of an unknown god.
  1446 | D:2      | Reached XP level 3. HP: 22/26 MP: 4/4
  1615 | D:2      | Reached skill level 1 in Crossbows
  1615 | D:2      | Reached skill level 1 in Stealth
  1615 | D:2      | Reached XP level 4. HP: 22/31 MP: 5/5
  1736 | D:2      | You pick up a book of Air and begin reading...
  1736 | D:2      | You add the spells Shock, Swiftness and Airstrike to your
                  | library.
  1771 | D:2      | Reached skill level 3 in Dodging
  1888 | D:2      | Found a snail-covered altar of Cheibriados.
  1894 | D:2      | Noticed Jessica
  1899 | D:2      | Killed Jessica
  1900 | D:2      | Reached skill level 2 in Stealth
  1975 | D:2      | Reached XP level 5. HP: 29/36 MP: 6/6
  2316 | D:3      | Noticed a sky beast
  2332 | D:3      | HP: 8/36 [something (3)]
  2332 | D:3      | HP: 3/36 [something (5)]
  2337 | D:3      | Killed a sky beast
  2338 | D:3      | Reached skill level 3 in Short Blades
  2338 | D:3      | Reached skill level 2 in Crossbows
  2799 | D:2      | Reached XP level 6. HP: 15/43 MP: 7/7
  3020 | D:3      | Reached skill level 3 in Stealth
  3196 | D:3      | Reached skill level 4 in Fighting
  3208 | D:3      | Noticed Sigmund
  3219 | D:3      | Killed Sigmund
  3269 | D:3      | Reached ** piety under Lugonu
  3617 | D:3      | Reached XP level 7. HP: 43/48 MP: 8/8
  3939 | D:4      | Reached skill level 4 in Dodging
  3983 | D:4      | Found a staircase to the Ecumenical Temple.
  4011 | D:4      | Reached skill level 3 in Crossbows
  4011 | D:4      | Reached skill level 4 in Stealth
  4075 | D:4      | HP: 9/49 [orc (6)]
  4472 | D:4      | You pick up a book of Changes and begin reading...
  4472 | D:4      | You add the spells Beastly Appendage, Wereblood and Spider
                  | Form to your library.
  4540 | D:4      | Found Dixe's Antique Weapon Shoppe.
  4826 | D:5      | Entered Level 5 of the Dungeon
  4829 | D:5      | Reached skill level 4 in Short Blades
  5069 | D:5      | You pick up a book of Spatial Translocations and begin
                  | reading...
  5069 | D:5      | You add the spells Blink, Lesser Beckoning and Manifold
                  | Assault to your library.
  5160 | D:4      | Reached XP level 8. HP: 19/54 MP: 9/9
  5387 | D:5      | Reached skill level 5 in Stealth
  5401 | D:5      | Reached skill level 5 in Fighting
  5759 | D:5      | Reached skill level 4 in Crossbows
  5894 | D:5      | Noticed Eustachio
  5900 | D:5      | Killed Eustachio
  5901 | D:5      | Reached skill level 5 in Dodging
  5938 | D:5      | Found Zehypt's Firing Range.
  5945 | D:5      | Bought 26 bolts for 67 gold pieces
  6178 | D:6      | Noticed a vampire
  6183 | D:6      | Killed a vampire
  6184 | D:6      | Reached skill level 5 in Short Blades
  6184 | D:6      | Reached skill level 6 in Stealth
  6390 | D:6      | Reached XP level 9. HP: 62/62 MP: 10/10
  6528 | D:6      | Found a sparkling altar of Nemelex Xobeh.
  6742 | D:6      | Noticed Pikel
  6753 | D:6      | HP: 15/62 [Pikel (6)]
  6755 | D:6      | HP: 6/62 [Pikel (7)]
  6757 | D:6      | Killed Pikel
  6758 | D:6      | Reached skill level 6 in Fighting
  6758 | D:6      | Reached skill level 5 in Crossbows
  6758 | D:6      | Reached skill level 6 in Dodging
  6758 | D:6      | Reached skill level 7 in Stealth
  7527 | D:7      | Reached *** piety under Lugonu
  7528 | D:7      | Reached skill level 6 in Short Blades
  7561 | D:6      | HP: 13/63 [slime creature (5)]
  7923 | D:7      | Reached skill level 8 in Stealth
  7933 | D:6      | HP: 15/63 [slime creature (4)]
  7968 | D:6      | HP: 1/63 [slime creature (21)]
  8679 | D:7      | Reached skill level 7 in Fighting
  8679 | D:7      | Reached XP level 10. HP: 63/71 MP: 11/11
  8826 | D:7      | Reached skill level 7 in Dodging
  8982 | D:7      | You pick up a book of Conjurations and begin reading...
  8982 | D:7      | You add the spells Magic Dart, Searing Ray and Fulminant
                  | Prism to your library.
  9022 | D:7      | Reached skill level 9 in Stealth
  9169 | D:7      | You pick up a book of Armaments and begin reading...
  9169 | D:7      | You add the spells Stone Arrow and Lehudib's Crystal Spear
                  | to your library.
  9786 | D:8      | You pick up a book of the Senses and begin reading...
  9786 | D:8      | You add the spells Dazzling Flash, Agony and Silence to
                  | your library.
  9928 | D:8      | Reached skill level 7 in Short Blades
 10036 | D:8      | You pick up a book of Air and begin reading...
 10122 | D:8      | You pick up a book of Hexes and begin reading...
 10122 | D:8      | You add the spells Inner Flame, Cause Fear and Discord to
                  | your library.
 10299 | D:8      | Noticed a two-headed ogre
 10304 | D:8      | Killed a two-headed ogre
 10729 | D:9      | Noticed Grum
 10768 | D:8      | Reached **** piety under Lugonu
 10769 | D:8      | Reached skill level 10 in Stealth
 10942 | D:9      | Reached skill level 3 in Invocations
 10951 | D:9      | Killed Grum
 11202 | D:9      | Found Susyu's Book Shoppe.
 11365 | D:9      | Gained mutation: Your flesh is heat resistant. (rF+)
                  | [potion of mutation]
 11365 | D:9      | Gained mutation: Your system is resistant to poisons.
                  | (rPois) [potion of mutation]
 11365 | D:9      | Gained mutation: Your flesh is very heat resistant. (rF++)
                  | [potion of mutation]
 11410 | D:10     | Entered Level 10 of the Dungeon
 11451 | D:10     | Reached skill level 8 in Dodging
 11460 | D:10     | Reached skill level 8 in Fighting
 11568 | D:10     | Noticed Erolcha
 11573 | D:10     | Killed Erolcha
 11574 | D:10     | Reached skill level 4 in Invocations
 11574 | D:10     | Reached XP level 11. HP: 76/77 MP: 14/14
 11653 | D:10     | Reached skill level 8 in Short Blades
 11921 | D:10     | You pick up a book of Air and begin reading...
 11937 | D:10     | Identified a potion of experience
 11939 | D:10     | Reached skill level 8 in Shields
 11939 | D:10     | Reached XP level 12. HP: 83/83 MP: 15/15
 11946 | D:10     | Reached skill level 6 in Crossbows
 12199 | D:10     | Found a staircase to the Lair.
 12280 | D:10     | Noticed Snorg
 12293 | D:10     | HP: 15/84 [Snorg (13)]
 12300 | D:10     | HP: 14/84 [Snorg (22)]
 12302 | D:10     | Killed Snorg
 12862 | D:11     | Found a staircase to the Orcish Mines.
 12894 | D:11     | Reached skill level 5 in Invocations
 12994 | D:11     | Reached ***** piety under Lugonu
 13243 | D:11     | Found a portal to a secret trove of treasure.
 13259 | D:11     | This trove needs 11 potions of heal wounds to function.
                  | Give it the items?
 13266 | D:11     | You add the spells Bolt of Magma, Freezing Cloud and
                  | Conjure Ball Lightning to your library.
 13266 | D:11     | Got the Disquisition on Scorching Weightlessness
 13364 | D:11     | Found a basalt altar of Yredelemnul.
 13442 | D:11     | You pick up a book of Pain and begin reading...
 13442 | D:11     | You add the spells Pain and Excruciating Wounds to your
                  | library.
 13891 | D:12     | You pick up a book of Sloth and begin reading...
 13891 | D:12     | You add the spells Petrify, Metabolic Englaciation and
                  | Statue Form to your library.
 14017 | D:12     | Reached skill level 9 in Dodging
 14018 | D:12     | Noticed a two-headed ogre
 14022 | D:12     | Killed a two-headed ogre
 14023 | D:12     | Reached skill level 9 in Fighting
 14053 | D:12     | Reached skill level 7 in Crossbows
 14204 | D:12     | You pick up a book of Minor Magic and begin reading...
 14204 | D:12     | You add the spells Call Imp and Mephitic Cloud to your
                  | library.
 14435 | D:12     | Reached skill level 6 in Invocations
 14689 | D:12     | Noticed a two-headed ogre
 14707 | D:12     | Killed a two-headed ogre
 14708 | D:12     | Reached skill level 9 in Short Blades
 15029 | D:12     | Noticed a boulder beetle
 15047 | D:12     | Killed a boulder beetle
 15226 | D:13     | Noticed a seven-headed hydra
 15233 | D:13     | Killed a seven-headed hydra
 15234 | D:13     | Reached XP level 13. HP: 90/90 MP: 17/17
 15471 | D:13     | HP: 16/90 [centaur warrior/arrow (16)]
 16450 | Lair:1   | Entered Level 1 of the Lair of Beasts
 16456 | Lair:1   | Reached skill level 7 in Invocations
 16466 | Lair:1   | Found a frozen archway.
 16522 | IceCv    | Entered an ice cave
 17045 | IceCv    | HP: 8/91 [elephant simulacrum (25)]
 17061 | IceCv    | HP: 20/91 [polar bear simulacrum (13)]
 17061 | IceCv    | Slain by a polar bear simulacrum

Vanquished Creatures
  Snorg (D:10)
  Erolcha (D:10)
  A hydra (D:13)
  A boulder beetle (D:12)
  A centaur warrior (D:13)
  4 two-headed ogres
  Pikel (D:6)
  2 manticores (D:12)
  A gargoyle (D:12)
  A cane toad (Lair:1)
  3 komodo dragons
  An unseen horror (D:10)
  An efreet (D:13)
  2 trolls
  A slime creature (D:6)
  4 shadows (D:11)
  A vampire (D:6)
  Eustachio (D:5)
  2 wraiths (D:12)
  Sigmund (D:3)
  3 yaks (D:12)
  A steam dragon (D:9)
  A basilisk (D:13)
  A hog (shapeshifter) (D:13)
  Grum (D:9)
  5 vampire mosquitoes (D:12)
  2 death yak simulacra (IceCv)
  An acid dragon (D:10)
  A water moccasin (D:7)
  A black bear (Lair:1)
  3 orc warriors
  2 necrophages
  2 sky beasts
  4 centaurs
  4 wolves
  3 ogres
  A phantom (D:7)
  3 kobold brigands
  2 lemures (D:6)
  3 two-headed ogre simulacra (IceCv)
  A gnoll sergeant (D:10)
  5 bullfrogs
  A wyvern zombie (D:8)
  2 cane toad simulacra (IceCv)
  A scorpion (D:5)
  A water moccasin skeleton (D:6)
  4 troll zombies (D:11)
  15 wights
  4 howler monkeys
  3 centaur zombies
  8 jellies (D:7)
  4 hounds
  9 orc priests
  3 centaur skeletons
  3 gnoll shamans
  Jessica (D:2)
  3 iguanas (D:5)
  11 orc wizards
  A scorpion zombie (D:5)
  2 killer bee zombies
  A wolf simulacrum (IceCv)
  4 ogre zombies (D:11)
  A howler monkey zombie (D:7)
  24 gnolls
  4 adders
  A howler monkey skeleton (D:6)
  12 white imps (Lair:1)
  An ufetubus (D:6)
  2 worms
  5 dart slugs
  23 orcs
  2 ball pythons
  19 endoplasms
  3 giant cockroaches
  6 goblins
  6 hobgoblins
  8 jackals
  11 kobolds
  3 quokkas
  9 bats
  3 frilled lizards
  2 goblin skeletons (D:11)
  3 goblin zombies (D:11)
  2 hobgoblin skeletons (D:11)
  A hobgoblin zombie (D:11)
  3 orc skeletons (D:11)
  14 orc zombies (D:11)
  4 rats
  A spectral orc (D:11)
335 creatures vanquished.

Vanquished Creatures (collateral kills)
  A centaur warrior (D:13)
1 creature vanquished.

Vanquished Creatures (others)
  8 fungi
8 creatures vanquished.

Grand Total: 344 creatures vanquished

Table legend:
 A = Non-vault XP
 B = Vault XP
 C = Vault XP percentage of total XP
 D = Non-vault monster count
 E = Vault monster count
 F = Vault count percentage of total count
                 A         B        C        D         E       F
            +---------+---------+-------+---------+---------+-------
      Total |   20994 |    6613 |  24.0 |     241 |      93 |  27.8
            +---------+---------+-------+---------+---------+-------
        D:1 |      26 |       0 |   0.0 |      14 |       0 |   0.0
        D:2 |     122 |      37 |  23.3 |      26 |       1 |   3.7
        D:3 |     224 |     208 |  48.1 |      25 |       1 |   3.8
        D:4 |     346 |       0 |   0.0 |      18 |       0 |   0.0
        D:5 |     650 |     211 |  24.5 |      18 |       1 |   5.3
        D:6 |    1027 |     897 |  46.6 |      13 |       2 |  13.3
        D:7 |     916 |     364 |  28.4 |      26 |      18 |  40.9
        D:8 |    1800 |     115 |   6.0 |      24 |       1 |   4.0
        D:9 |     763 |     532 |  41.1 |      15 |       4 |  21.1
       D:10 |    1780 |    2290 |  56.3 |      24 |       8 |  25.0
       D:11 |    1481 |    1051 |  41.5 |       5 |      37 |  88.1
       D:12 |    7081 |       0 |   0.0 |      22 |       0 |   0.0
       D:13 |    4091 |       0 |   0.0 |       7 |       0 |   0.0
     Lair:1 |     687 |     117 |  14.6 |       4 |      12 |  75.0
      IceCv |       0 |     791 | 100.0 |       0 |       8 | 100.0
            +---------+---------+-------+---------+---------+-------

Illustrated notes

Table legend:
 A = Kills in this place as a percentage of kills in entire the game.
 B = Kills by you in this place as a percentage of kills by you in the entire game.
 C = Kills by friends in this place as a percentage of kills by friends in the entire game.
 D = Other kills in this place as a percentage of other kills in the entire game.
 E = Experience gained in this place as a percentage of experience gained in the entire game.
 F = Experience gained in this place divided by the number of levels of this place that you have seen.
                   A       B       C       D       E      F
               +-------+-------+-------+-------+-------+----------------------
         Total | 100.0 | 100.0 | 100.0 |   N/A | 100.0 | 1380.3
       Dungeon |  92.8 |  92.8 | 100.0 |   N/A |  94.2 | 1858.0
          Lair |   4.8 |   4.8 |   0.0 |   N/A |   2.9 | 804.0
      Ice Cave |   2.4 |   2.4 |   0.0 |   N/A |   2.9 | 791.0
               +-------+-------+-------+-------+-------+----------------------

Table legend: (Time is in decaauts)
 A = Elapsed time spent in this place.
 B = Non-inter-level travel time spent in this place.
 C = Inter-level travel time spent in this place.
 D = Time resting spent in this place.
 E = Time spent auto-exploring this place.
 F = Levels seen in this place.
 G = Mean time per level.
                   A        B        C        D        E       F      G
               +--------+--------+--------+--------+--------+-----+--------+
         Total |  17054 |  16508 |    546 |   2284 |  11525 |  20 |  852.7 |
       Dungeon |  16051 |  15505 |    546 |   2177 |  10932 |  14 | 1146.5 |
          Lair |     71 |     71 |      0 |     11 |      0 |   1 |   71.0 |
         Abyss |    400 |    400 |      0 |      0 |    229 |   4 |  100.0 |
      Ice Cave |    531 |    531 |      0 |     96 |    364 |   1 |  531.0 |
               +--------+--------+--------+--------+--------+-----+--------+

Top non-repeatable levels by time:
     D:7: 1657 daAuts
     D:6: 1639 daAuts
    D:12: 1593 daAuts
     D:3: 1384 daAuts
    D:10: 1326 daAuts
     D:5: 1274 daAuts
     D:2: 1177 daAuts
    D:13: 1145 daAuts
     D:4: 1106 daAuts
    D:11: 1003 daAuts
     D:8: 983 daAuts
     D:1: 947 daAuts
     D:9: 809 daAuts
   IceCv: 531 daAuts
 Abyss:1: 273 daAuts
